Cogmind - Beta 10.2 @@@ ROGUE MODE // 2020.10.30 @ 11:28:54 // Halloween2020/ForbiddenLore Player: Hermelin Result: Destroyed by DAS Turret with DAS Cannon Performance ------------- Evolutions (1) 500 Regions Visited (4) 800 Robots Destroyed (49) 245 Value Destroyed (1071) 1071 Prototype IDs (2) 40 Alien Tech Used (0) 0 Bonus (0) 0 TOTAL SCORE: 2656 Bonus ------- None Cogmind --------- Core Integrity 0/400 Matter 271/300 Energy 98/100 System Corruption 5% Temperature Cool (0) Movement Core (50) Location -9/Exiles Parts ------- > --- POWER (1) -------- (None) > --- PROPULSION (2) --- (None) > --- UTILITY (4) ------ (None) > --- WEAPON (2) ------- (None) > --- INVENTORY (4) ---- Improved Heat Sink Improved Assault Rifle Improved Assault Rifle Peak State ------------ > --- POWER ------------ Ion Engine > --- PROPULSION ------- Light Treads Light Treads > --- UTILITY ---------- Medium Storage Unit Large Storage Unit Large Storage Unit Visual Processing Unit > --- WEAPON ----------- Improved Assault Rifle Improved Light Cannon > --- INVENTORY -------- Ion Engine Light Nuclear Core Light Treads Light Treads Light Treads Light Treads Light Treads Light Treads Heat Sink Improved Heat Sink Large Storage Unit High-capacity Matter Pod High-capacity Matter Pod Tractor Beam Improved Medium Laser Light Assault Rifle Light Assault Rifle Improved Assault Rifle Improved Assault Rifle Grenade Launcher [Rating: 16] Favorites ----------- Power Ion Engine Engine Ion Engine Propulsion Light Treads Treads Light Treads Leg Aluminum Leg Utility Large Storage Unit Storage Large Storage Unit Processor Visual Processing Unit Weapon Light Assault Rifle Energy Gun Small Laser Ballistic Gun Light Assault Rifle Ballistic Cannon Light Cannon Launcher Grenade Launcher Build | -11 -10 -9 -9 -9 ------- Run | Scr Mat Mat Min Exi Slots Evolved 2 | . . 2 . . Power . | . . . . . Propulsion . | . . . . . Utility 2 | . . 2 . . Weapon . | . . . . . Parts Attached 30 | 7 9 10 1 3 Power 2 | 1 . 1 . . Engine 2 | 1 . 1 . . Core . | . . . . . Reactor . | . . . . . Propulsion 12 | 2 3 4 . 3 Treads 9 | . 2 4 . 3 Leg 3 | 2 1 . . . Wheel . | . . . . . Hover . | . . . . . Flight . | . . . . . Utility 7 | 2 3 2 . . Device . | . . . . . Storage 6 | 2 3 1 . . Processor 1 | . . 1 . . Hackware . | . . . . . Protection . | . . . . . Artifact . | . . . . . Weapon 9 | 2 3 3 1 . Energy Gun 1 | 1 . . . . Energy Cannon . | . . . . . Ballistic Gun 5 | 1 2 2 . . Ballistic Cannon 2 | . 1 1 . . Launcher 1 | . . . 1 . Special Weapon . | . . . . . Impact Weapon . | . . . . . Slashing Weapon . | . . . . . Piercing Weapon . | . . . . . Special Melee Weapon . | . . . . . Unidentified Prototypes 1 | . . 1 . . Parts Lost 13 | . 1 5 . 7 Power 1 | . . 1 . . Propulsion 6 | . . 2 . 4 Utility 1 | . . . . 1 Weapon 5 | . 1 2 . 2 Highest Loss Streak 7 | . 1 5 . 7 Average Slot Usage (%) 97 | . 100 97 100 81 Engine 11 | . 14 10 11 7 Treads 15 | . 6 22 22 19 Leg 8 | . 21 . . . Storage 29 | . 28 31 33 26 Processor 6 | . . 11 11 11 Ballistic Gun 10 | . 14 11 . . Ballistic Cannon 11 | . 12 11 11 7 Launcher 1 | . . . 11 7 Naked Turns 5 | . . . . 5 Heaviest Build 52 | 16 41 52 52 52 Greatest Support 40 | 20 40 40 40 40 Greatest Overweight (x) 2 | . 2 1 1 1 Average Overweight (x) . | . . 1 1 . Largest Inventory Capacity 20 | 8 16 20 20 20 Average Capacity 15 | 6 12 19 20 15 Most Carried 20 | 5 16 20 20 20 Average Carried 14 | 3 11 17 20 15 Final Capacity 20 | 8 16 20 20 4 Final Carried 20 | 5 16 20 20 3 Class Distribution -------------------- 50% | Hauler-Mutant 49% | Mutant Dominant Class ---------------- Mutant | -10/Materials Hauler-Mutant | -9/Materials Hauler-Mutant | -9/Mines Hauler-Mutant | -9/Exiles Resources | -11 -10 -9 -9 -9 ----------- Run | Scr Mat Mat Min Exi Matter Collected 1570 | 276 703 474 117 . Remotely . | . . . . . Salvage Created 1362 | 97 532 596 126 11 Parts 86 | 3 40 23 20 . Haulers Intercepted 4 | . 2 2 . . Recyclers Shooed 3 | . . 2 1 . Parts Field Recycled . | . . . . . Retrieved Matter . | . . . . . Parts Self-Destructed . | . . . . . Prevented . | . . . . . Kills | -11 -10 -9 -9 -9 ------- Run | Scr Mat Mat Min Exi Combat Hostiles Destroyed 40 | . 15 12 12 1 Guns 7 | . 3 4 . . Cannons 20 | . 11 8 1 . AOE 13 | . 1 . 11 1 Classes Destroyed 8 | 1 4 2 . 1 Worker 1 | . 1 . . . Hauler 4 | . 2 2 . . Recycler 4 | 1 . 2 1 . Swarmer 15 | . 3 . 12 . Grunt 22 | . 12 10 . . Brawler 1 | . . 1 . . Sentry 1 | . . 1 . . Assembled 1 | . . . . 1 Best Kill Streak 8 | 1 8 6 5 1 Combat Bots Only 6 | . 6 6 5 1 Max Kills in Single Turn 4 | 1 2 1 4 1 Gunslinging . | . . . . . Exploded 4 | . 1 . 4 1 Melee . | . . . . . Uniques/NPCs Destroyed . | . . . . . Combat | -11 -10 -9 -9 -9 -------- Run | Scr Mat Mat Min Exi Damage Taken 2631 | . 684 749 115 1083 Core 561 | . 151 87 18 305 Absorbed by Shields . | . . . . . Core Remaining (%) 69 | 100 39 . . . Volleys Fired 104 | 2 45 48 7 2 Largest 2 | 2 2 2 1 1 Hottest 62 | 60 60 62 39 30 Shots Fired 202 | 4 90 98 7 3 Gun 105 | 4 52 49 . . Cannon 90 | . 38 49 3 . Launcher 7 | . . . 4 3 Special . | . . . . . Kinetic 186 | 2 83 98 3 . Thermal 9 | 2 7 . . . Explosive 7 | . . . 4 3 Electromagnetic . | . . . . . Robot Hit Streak 19 | 3 19 11 4 5 Robot Miss Streak 6 | . 6 4 1 . Penetration Max . | . . . . . Secondary Targets . | . . . . . Shots Hit Robots 142 | 3 61 73 4 1 Core Hits 76 | 2 28 30 14 2 Critical Hits 2 | . . 2 . . Critical Kills 2 | . . 2 . . Critical Parts Destroyed . | . . . . . Melee Attacks . | . . . . . Impact . | . . . . . Slashing . | . . . . . Piercing . | . . . . . Sneak Attacks . | . . . . . Combat Hostiles . | . . . . . Follow-up Attacks . | . . . . . Damage Inflicted 2856 | 46 1086 1076 563 85 Guns 766 | 46 357 363 . . Cannons 1322 | . 543 713 66 . Explosions 765 | . 186 . 497 82 Melee . | . . . . . Ramming 3 | . . . . 3 Kinetic 1987 | 24 821 1076 66 . Thermal 287 | 22 265 . . . Explosive 579 | . . . 497 82 Electromagnetic . | . . . . . Impact . | . . . . . Slashing . | . . . . . Piercing . | . . . . . Highest Corruption 5 | . . 5 5 5 Average Corruption 5 | . . 5 5 5 Corruption Purged . | . . . . . Effects 29 | . . 20 6 3 Message Errors 3 | . . 2 1 . Matter Fused 5 | . . 3 1 1 Heat Flow Errors 1 | . . 1 . . Energy Discharges 3 | . . 2 1 . Data Loss (minor) 2 | . . 1 1 . Data Loss (major) 2 | . . 1 1 . Misfires 5 | . . 4 . 1 Targeting Errors 6 | . . 4 1 1 Weapon Failures 2 | . . 2 . . Overload Shots . | . . . . . Overflow Damage . | . . . . . Projectiles . | . . . . . Explosions . | . . . . . Melee . | . . . . . Knockbacks 14 | . 7 7 . . Impact . | . . . . . Kinetic 13 | . 7 6 . . Secondary 1 | . . 1 . . Self-Inflicted Damage 153 | . 121 . 32 . Shots 3 | . 2 . 1 . Rammed 1 | . . . . 1 Targets Rammed 1 | . . . . 1 Kicked . | . . . . . Crushed . | . . . . . Highest Temperature 93 | . 54 93 . 7 Average Temperature 16 | . 19 14 . 7 Received Heat Transfer 579 | . 261 318 . . Siege Activations . | . . . . . Robots Corrupted . | . . . . . Combat Hostiles . | . . . . . Parts Fried . | . . . . . Impact Corruptions . | . . . . . Robots Melted . | . . . . . Combat Hostiles . | . . . . . Parts Melted . | . . . . . Heat Transferred 325 | 50 275 . . . Parts Sabotaged . | . . . . . Parts Stolen . | . . . . . Parts Stripped . | . . . . . Power Chain Reactions . | . . . . . Missiles Intercepted . | . . . . . Alert | -11 -10 -9 -9 -9 ------- Run | Scr Mat Mat Min Exi Peak Influence 413 | 5 318 413 397 . Initial 131 | . 3 131 122 . Average 229 | 1 206 254 313 . Maximum Alert Level 2 | . 1 2 1 . Low Security (%) 30 | 100 36 25 1 . Level 1 69 | . 63 74 98 . Level 2 . | . . . . . Level 3 . | . . . . . Level 4 . | . . . . . Level 5 . | . . . . . High Security . | . . . . . Max Security . | . . . . . Squads Dispatched 6 | . 5 1 . . Investigation 3 | . 3 . . . Extermination . | . . . . . Reinforcement 3 | . 2 1 . . Assault . | . . . . . Garrison . | . . . . . Intercept . | . . . . . Construction Impeded 1 | . . 1 . . Haulers Reinforced . | . . . . . Stealth | -11 -10 -9 -9 -9 --------- Run | Scr Mat Mat Min Exi Distress Signals 6 | . 5 1 . . Communications Jammed . | . . . . . Distress Signals . | . . . . . Times Spotted 60 | . 21 19 12 8 Peak Tracking Total 9 | . 4 6 4 9 Tactical Retreats 6 | . 1 4 . 1 Traps | -11 -10 -9 -9 -9 ------- Run | Scr Mat Mat Min Exi Traps Triggered 2 | . 2 . . . Indirectly . | . . . . . Trap Hack Attempts . | . . . . . Triggered . | . . . . . Disarmed . | . . . . . Reprogrammed . | . . . . . Reused . | . . . . . Traps Extracted . | . . . . . Installed . | . . . . . Triggered . | . . . . . Machines | -11 -10 -9 -9 -9 ---------- Run | Scr Mat Mat Min Exi Machines Disabled 5 | . 2 . . 3 Max in Single Turn 2 | . 2 . . 2 Machines Sabotaged . | . . . . . Garrisons Compromised . | . . . . . Overloaded Fab Kills . | . . . . . Fab Network Shutdowns . | . . . . . Hacking | -11 -10 -9 -9 -9 --------- Run | Scr Mat Mat Min Exi Machines Accessed 6 | . 3 2 . 1 Terminals 3 | . 2 1 . . Fabricators . | . . . . . Repair Stations . | . . . . . Recycling Units 1 | . 1 . . . Scanalyzers 1 | . . 1 . . Garrison Access . | . . . . . Total Hacks 44 | . 11 10 . 23 Successful 36 | . 4 9 . 23 Failed 8 | . 7 1 . . Catastrophic 1 | . 1 . . . Database Lockouts . | . . . . . Manual 11 | . 11 . . . Terminals 11 | . 9 2 . . Fabricators . | . . . . . Repair Stations . | . . . . . Recycling Units 2 | . 2 . . . Scanalyzers 8 | . . 8 . . Garrison Access . | . . . . . Terminal Hacks 26 | . 2 1 . 23 Record 23 | . . . . 23 Robot Analysis 2 | . 2 . . . Zone Layout 1 | . . 1 . . Fabricator Hacks . | . . . . . Repair Station Hacks . | . . . . . Recycling Unit Hacks 1 | . 1 . . . Report Inventory 1 | . 1 . . . Scanalyzer 8 | . . 8 . . Insert Component 4 | . . 4 . . Analyze 4 | . . 4 . . Garrison Access Hacks . | . . . . . Unauthorized Hacks 1 | . 1 . . . Terminals . | . . . . . Fabricators . | . . . . . Repair Stations . | . . . . . Recycling Units 1 | . 1 . . . Tunnel 1 | . 1 . . . Scanalyzers . | . . . . . Garrison Access . | . . . . . Data Cores Recovered . | . . . . . Used . | . . . . . Hacking Detections 4 | . 2 2 . . Full Trace Events 1 | . 1 . . . Feedback Events . | . . . . . Feedback Blocked . | . . . . . Robot Schematics Acquired . | . . . . . Robots Built . | . . . . . Matter . | . . . . . Time . | . . . . . Total Robot Build Rating . | . . . . . Part Schematics Acquired 4 | . . 4 . . Parts Built . | . . . . . Matter . | . . . . . Time . | . . . . . Total Part Build Rating . | . . . . . Parts Repaired . | . . . . . Time . | . . . . . Parts Recycled . | . . . . . Recycled Matter . | . . . . . Retrieved Matter . | . . . . . Retrieved Components . | . . . . . Parts Scanalyzed 4 | . . 4 . . Part Schematics Acquired 4 | . . 4 . . Parts Damaged . | . . . . . Bothacking | -11 -10 -9 -9 -9 ------------ Run | Scr Mat Mat Min Exi Used RIF Installer . | . . . . . Robots Hacked . | . . . . . Non-combat . | . . . . . Combat . | . . . . . Robot Hacks Applied . | . . . . . Relay Couplers Released . | . . . . . Robots Rewired . | . . . . . Allies Hacked . | . . . . . Hacks Repelled . | . . . . . Allies | -11 -10 -9 -9 -9 -------- Run | Scr Mat Mat Min Exi Total Allies . | . . . . . Largest Group . | . . . . . Highest-Rated Group . | . . . . . Highest-Rated Ally . | . . . . . Total Orders . | . . . . . Ally Attacks . | . . . . . Total Damage . | . . . . . Kills . | . . . . . Allies Corrupted . | . . . . . Allies Melted . | . . . . . Intel | -11 -10 -9 -9 -9 ------- Run | Scr Mat Mat Min Exi Robot Analysis Total 2 | . 2 . . . Derelict Logs Recovered . | . . . . . Drone Launches . | . . . . . Drone Recoveries . | . . . . . Exploration | -11 -10 -9 -9 -9 ------------- Run | Scr Mat Mat Min Exi Turns Passed 1687 | 80 656 640 210 101 Spaces Moved 771 | 50 291 235 109 86 Core 56 | 6 . . . 50 Treads 439 | . 59 235 109 36 Legs 276 | 44 232 . . . Wheels . | . . . . . Hover . | . . . . . Flight . | . . . . . Fastest Speed 50 | 50 120 180 180 50 Average Speed 157 | 111 155 180 180 104 Slowest Speed 180 | 120 180 180 180 180 Overloaded Moves . | . . . . . Propulsion Burnouts . | . . . . . Robots Hopped . | . . . . . Cave-ins Triggered . | . . . . . Exploration Rate (%) 30 | 4 47 28 34 38 Regions Visited 4 Branch Regions 2 Pre-discovered Areas 2 | . 1 . . 1 Known Exits Taken . | . . . . . Unknown Exits Taken 4 | 1 1 1 1 . Scrap Searched 1 | . . . 1 . Spaces Dug 9 | . . . 9 . Terrain Destroyed 98 | . 48 1 32 17 Melee . | . . . . . Projectile 1 | . . 1 . . AOE 97 | . 48 . 32 17 Terrain Rammed . | . . . . . Walls Destroyed . | . . . . . Machines Disabled . | . . . . . Actions | -11 -10 -9 -9 -9 --------- Run | Scr Mat Mat Min Exi Total 1066 | 66 417 371 116 96 Wait 99 | 3 41 55 . . Move 767 | 49 290 234 108 86 Hop . | . . . . . Pick Up 40 | 5 19 16 . . Fast Attach 8 | 7 . 1 . . Attach 12 | . 3 7 . 2 Detach . | . . . . . Swap 10 | . 6 2 1 1 Drop 25 | . 13 8 . 4 Fire 104 | 2 45 48 7 2 Melee . | . . . . . Ram . | . . . . . Kick . | . . . . . Crush 1 | . . . . 1 Escape Stasis . | . . . . . Rewire . | . . . . . Trap . | . . . . . Miscellaneous . | . . . . . Route ------- -11/Scrapyard -10/Materials -9/Materials -9/Mines (discovered 2 exits: [*Mat] / *Exi) -9/Exiles (discovered 1 exit: [*Min]) History --------- Turn | Location | Event 4 | -11/Scrapyard | Discovered new exit (range 16) 81 | -11/Scrapyard | Entered Materials 199 | -10/Materials | Core integrity fell below 50% 329 | -10/Materials | Build established: Mutant 571 | -10/Materials | Discovered new exit (range 13) 737 | -10/Materials | Entered another Materials area 737 | -9/Materials | Evolved 2 slots: Utility x2 993 | -9/Materials | Lost 5 parts (1p2n2w) 1131 | -9/Materials | Build established: Hauler-Mutant 1285 | -9/Materials | Discovered new exit (range 11) 1377 | -9/Materials | Entered Mines 1411 | -9/Mines | Met a Derelict bent on vengeance 1508 | -9/Mines | Discovered new exit (range 8) 1578 | -9/Mines | Deemed a non-threat by the Exiles lab entrance 1580 | -9/Mines | Discovered new exit (range 5) 1587 | -9/Mines | Entered Exiles 1611 | -9/Exiles | Discovered new exit (range 16) 1632 | -9/Exiles | Met 8R-AWN 1651 | -9/Exiles | Attacked by the Exiles 1666 | -9/Exiles | Core integrity fell below 50% 1687 | -9/Exiles | Core integrity fell below 20% 1688 | -9/Exiles | Learned location of Zion (-6) 1688 | -9/Exiles | Destroyed by DAS Turret with DAS Cannon Last Messages --------------- and made it back to Zion, only to mysteriously disappear almost immediately after. What is going on up there... >>Record "MSG004474-01" The Merchants threatened to send a debt collector if we don't pay up for the last shipment. Did someone not pay them in full, or are we getting on their bad side for some reason? We don't want to be on their bad side. >>Record "MSG004742-01" I don't think we can trust Data Miner anymore. For a while now the data we've been getting from that quarter seems anything but impartial. >>Record "MSG004795-01" Could someone repair the Mines activity scanner? It seems to fail sometimes, and when it does we can't send 8R-AWN out on exploratory runs. >>Record "MSG004795-02" I just repaired it not long ago, I think someone on the outside is tampering with our system. --AM-PHS >>Record "MSG004964-01" Who left my Assembled plushie in the Analyzer again?! I'm not erasing this message until I get an answer. --BIN Map ----- +----------------------------------------------------+ | ?????????????????????????????????????????????????? | | ?????????????????????????????????????????????????? | | ?????????????????????????????????????????????????? | | ?????????????????????????????????????????????????? | | ?????????????????????????????????????????????????? | | ?????????????????????????????????????????????????? | | ?????????????????????????????????????????????????? | | ?????????????????????????????????????????????????? | | ?????????????????????????????????????????????????? | | ?????????????????????????????????????????????????? | | ?????????????????????????????????????????????????? | | ?????????????????????????????????????????????????? | | ?????????????????????????????????????????????????? | | ???????????????????????????#####?????????????????? | | ??????????????????????????? """#?????????? ? | | ??????????????????????????"" """#?????????? | | ?????????????????????????#"" #????????? | | ?????????????????????????#"" #?????????" | | ?????????????????????????#"" "#????????#" | | ?????????????????????????? ""?????????#" "? | | ???????????????????????????" "?????????##" #?? | | ???????????????????????????# #????????##"" #?? | | ??????????? ###??????### ###?######"" #?? | | ??????????" """#####X# #"###""""""" ##? | | ??????????" """""" " "" ## | | ???????????# @ "" """ " # | | ????????????# " | | ?????????????## | | ??????????????### | | ????????????????## | | ?????????????????## | | ??????????????????##" | | ???????????????????#""" """""" | | ???????????????????#" ######""" | | ???????????????????"" ""##????#####"" | | ????????????????????"" """##?????????##" | | ????????????????????? """##???????????#" | | ????????????????????" ""#????????????#" | | ???????????????????? ??????????????"" | | ????????????????????? ?????????????? | | ??????????????????????? ???????????????? | | ????????????????????????? ???????????????? | | ???????????????????????????????????????????????? | | ??????????????????????????????????????????????? | | ????????????????????????????????????????????????" | | ?????????????????????????????????????????????????" | | ?????????????????????????????????????????????????? | | ?????????????????????????????????????????????????? | | ?????????????????????????????????????????????????? | | ?????????????????????????????????????????????????? | +----------------------------------------------------+ Best States ------------- Heat Dissipation 28 Energy Generation 10 Energy Capacity 250 Matter Stores 300 Matter Capacity 300 Sight Range 18 Terrain Scan Density 10 Evasion (%) 50 Recoil Reduction 2 Item Schematics ----------------- Imp. Assault Rifle | -9/Materials | Scanalyzed Imp. Medium Laser | -9/Materials | Scanalyzed Lrg. Storage Unit | -9/Materials | Scanalyzed Hcp. Matter Pod | -9/Materials | Scanalyzed Robot Schematics ------------------ None Fabricated ------------ Nothing Alien Tech Used ----------------- None Achievements -------------- None Challenges ------------ None Game ------ Seed MobileWardroneFilter Manual? 0 Play Time 00:25:32 Cumulative 404.0 hours Start 2020.10.30 @ 10:51:17 End 2020.10.30 @ 11:28:54 Sessions 1 Manual Loads 0 Difficulty Rogue Special Mode Halloween2020/ForbiddenLore Game No. 146 Rogue 143 Adventurer 3 Explorer 0 Win Type - Total 6 Types 3/1/0/1/0/1/0/0/0 Lore% 90 Gallery% 94 Achievement% 76 Wizard Run 0 Options --------- ASCII 0 Keyboard 0 Movement Mouse Keybinds 0 Fullscreen 1 Font 16/Terminus Map View 76x50 Tactical HUD 1 Map Filters NONE Filters NONE Steam 1 RUN: 86e8c6db-b8f1-479a-a52d-e3e16108e0bc